 Dungeon Crawl Stone Soup version 0.29.1-1-gd02db6906a (webtiles) character file.

Game seed: 15057949706775532203

65 lonewolfV2 the Scratcher (level 3, -2/15 HPs)
             Began as a Felid Transmuter on Oct 14, 2022.
             Slain by a gnoll
             ... wielding a +0 club
              (7 damage)
             ... on level 3 of the Dungeon.
             The game lasted 00:04:30 (2408 turns).

lonewolfV2 the Scratcher (Felid Transmuter)         Turns: 2408, Time: 00:04:31

Health: -2/15      AC:  1    Str:  6    XL:     3   Next: 94%
Magic:  6/7        EV: 18    Int: 16    God:
Gold:   96         SH:  0    Dex: 16    Spells: 6/7 levels left
                                        Lives:  0   Deaths: 0

rFire   . . .      SeeInvis +     - Unarmed
rCold   . . .      Faith    .   (shield unavailable)
rNeg    . . .      Spirit   .   (body armour unavailable)
rPois   .          Reflect  .   (helmet unavailable)
rElec   .          Harm     .   (cloak unavailable)
rCorr   .          Rampage  .   (gloves unavailable)
Will    .....                   (boots unavailable)
Stlth   ++........              (no amulet)
HPRegen 0.05/turn               b - +4 ring of slaying
MPRegen 0.10/turn               (no ring)

@: appendages, quick
A: horns 2, very small, claws 1, fangs 3, see invisible, speed 1, shaggy fur 1,
stealthy paws, no weapons or thrown items, no armour, multi-lived
a: End Transformation


You were on level 3 of the Dungeon.
You had temporarily grown beastly horns.
You visited 1 branch of the dungeon, and saw 3 of its levels.

You collected 96 gold pieces.

Inventory:

Jewellery
 b - a +4 ring of slaying (left paw)
Scrolls
 d - 3 scrolls of teleportation
 e - a scroll of acquirement {unknown}
Potions
 a - a potion of lignification
 c - a potion of curing {unknown}
 f - a potion of might {unknown}


   Skills:
 + Level 1.0 Fighting
 + Level 3.5 Dodging
 + Level 1.1 Stealth
 + Level 3.6 Unarmed Combat
 + Level 2.6 Spellcasting
 + Level 2.7 Transmutations


You had 6 spell levels left.
You knew the following spells:

 Your Spells              Type           Power      Damage    Failure   Level
a - Beastly Appendage     Tmut           20%        N/A       6%          1

Your spell library contained the following spells:

 Spells                   Type           Power      Damage    Failure   Level
 Wereblood                Tmut           10%        N/A       10%         2
 Spider Form              Tmut/Pois      6%         N/A       32%         3
 Ice Form                 Ice/Tmut       6%         N/A       73%         4


Dungeon Overview and Level Annotations

Branches:
Dungeon (3/15)

Altars:

Shops:
D:1 [


Innate Abilities, Weirdness & Mutations

You have temporarily grown beastly horns.
You have sharp claws.
You have razor-sharp teeth.
You have supernaturally acute eyesight. (SInv)
You cover ground quickly. (Speed+)
You are covered in fur. (AC +1)
Your paws help you pounce on unaware monsters.
You are incapable of wielding weapons or throwing items.
You cannot wear armour.
You gain extra lives every three experience levels.


Message History

There is a stone staircase leading up here.
Done exploring.
Done exploring.
Done exploring.
Done exploring.
There is a stone staircase leading down here.
You climb downwards.
The adder hisses angrily.
Found a falchion.
There is a stone staircase leading up here.
There are monsters nearby!
Casting: Beastly Appendage (safe; 7% risk of failure)
Confirm with . or Enter, or press ? or * to list all spells.
You grow a pair of large bovine horns.
A gnoll comes into view. It is wielding a +0 club.
You pounce on the unaware helpless gnoll!
You claw the gnoll!
You kill the gnoll!
The adder attacks as you move away! The adder misses you.
A ball python and a gnoll come into view.
The gnoll closely misses you.
Things that are here:
a +0 club; a gnoll corpse You claw the adder!
You claw the adder.
You kill the adder!
The gnoll shouts!
The ball python hisses angrily.
You hear a shout! x2
The gnoll hits you with a +0 club.
Your Stealth skill increases to level 1!
A gnoll comes into view. It is wielding a +0 whip.
The ball python bites you. The ball python grabs you.
The ball python constricts you. The gnoll barely misses you.
The gnoll misses you.
Things that are here:
a +0 club; a gnoll corpse The ball python's grasp on you weakens, but your attempt to escape fails.
The ball python barely misses you. The ball python constricts you.
The gnoll closely misses you. x2
You escape the ball python's grasp.
You barely miss the gnoll. The gnoll hits you with a +0 club!
You die...

.# .#
#+#.#
###.#.####
........##
#..##g..
#..##.#
#..@gS#
#<###.#
.......##
#...
....)..
#..##
.......
#...
.......
####.
....... .#
....... .
.####+#


You could see a gnoll and a ball python.

Vanquished Creatures
  A gnoll (D:3)
  An adder (D:3)
  A dart slug (D:1)
  4 endoplasms (D:1)
  2 giant cockroaches
  2 hobgoblins
  4 jackals
  2 quokkas (D:1)
  4 ball pythons
  7 bats
  3 frilled lizards
  7 goblins
  A kobold (D:2)
  4 rats
43 creatures vanquished.

Notes
Turn   | Place    | Note
-------+----------+-------------------------------------------
     0 | D:1      | lonewolfV2 the Felid Transmuter began the quest for the
                  | Orb.
     0 | D:1      | Reached XP level 1. HP: 9/9 MP: 4/4
   122 | D:1      | Found Ywelo's Antique Armour Shop.
   322 | D:1      | Found a faded altar of an unknown god.
   370 | D:1      | Reached XP level 2. HP: 12/12 MP: 4/6
  1231 | D:1      | Reached XP level 3. HP: 15/15 MP: 5/7
  2405 | D:3      | Reached skill level 1 in Stealth
  2408 | D:3      | Slain by a gnoll

Illustrated notes

Levels and vault maps discovered:
D:1:      onia_arrival_mini_maze, layout_basic, serial_shops, shop,
          chequers_ecumenical_altar_simple_redux
D:2:      layout_basic, serial_corexii_hall, corexii_hall_statues_l,
          chequers_hall_statues_corner_a, chequers_jeans
D:3:      layout_basic, mainiacjoe_overflow_concentric_impassable

Skill      XL: |  1  2  3 |
---------------+----------+-----
Dodging        | 3 |  3.5
Stealth        | 1 |  1.1
Fighting       | |  1.0
Unarmed Combat | |  3.6
Spellcasting   | |  2.6
Transmutations | |  2.7

Action                   || total
-------------------------++-------
Melee: Unarmed           ||    82
       Headbutt          ||     7
       Bite              ||     5
       Punch             ||     3
 Cast: Beastly Appendage ||    20
  Use: Scroll            ||     3
 Stab: Sleeping          ||     2
Armor: Skin              ||    11
Dodge: Dodged            ||   102
